 Dungeon Crawl Stone Soup version 0.30-a0-122-g2a1322497e (webtiles) character file.

Game seed: 8090045432403829444

2 ragingrage the Vexing (level 1, -2/13 HPs)
             Began as a Demonspawn Wanderer on Sept 15, 2022.
             Slain by a goblin
             ... wielding a +0 dagger
              (3 damage)
             ... on level 1 of the Dungeon.
             The game lasted 00:00:17 (209 turns).

ragingrage the Vexing (Demonspawn Wanderer)          Turns: 209, Time: 00:00:18

Health: -2/13      AC:  3    Str:  9    XL:     1   Next: 33%
Magic:  2/3        EV: 12    Int: 17    God:
Gold:   0          SH:  0    Dex: 11    Spells: 2/4 levels left

rFire   . . .      SeeInvis .    a - +0 dagger
rCold   . . .      Faith    .    (no shield)
rNeg    . . .      Spirit   .    c - +0 robe
rPois   .          Reflect  .    (no helmet)
rElec   .          Harm     .    d - +0 cloak
rCorr   .          Rampage  .    (no gloves)
Will    .....                    (no boots)
Stlth   +.........               (no amulet)
HPRegen 0.04/turn                (no ring)
MPRegen 0.08/turn                (no ring)

@: no status effects
A: no striking features
a: no special abilities


You were on level 1 of the Dungeon.
You visited 1 branch of the dungeon, and saw 1 of its levels.

Inventory:

Hand Weapons
 a - a +0 dagger (weapon)
Armour
 c - a +0 robe (worn)
 d - a +0 cloak (worn)
Scrolls
 b - a scroll of summoning
 e - a scroll of amnesia {unknown}
 f - a scroll of immolation {unknown}


   Skills:
 - Level 1.7 Dodging
 - Level 2.0 Spellcasting
 - Level 3.0 Hexes
 + Level 2.9 Ice Magic


You had 2 spell levels left.
You knew the following spells:

 Your Spells              Type           Power      Damage    Failure   Level
a - Slow                  Hex            44%        N/A       5%          1
b - Freeze                Ice            44%        1d6       6%          1

Your spell library contained the following spells:

 Spells                   Type           Power      Damage    Failure   Level
 Ensorcelled Hibernation  Hex/Ice        22%        N/A       9%          2
 Portal Projectile        Hex/Tloc       12%        N/A       30%         3
 Hailstorm                Conj/Ice       6%         3d4       71%         4


Dungeon Overview and Level Annotations

Branches:
Dungeon (1/15)

Altars:


Message History

You are too injured to fight recklessly!
You are too injured to fight recklessly!
You are too injured to fight recklessly!
You are too injured to fight recklessly!
You are too injured to fight recklessly!
You are too injured to fight recklessly!
You are too injured to fight recklessly!
You are too injured to fight recklessly!
You are too injured to fight recklessly!
You are too injured to fight recklessly!
You are too injured to fight recklessly!
You are too injured to fight recklessly!
You are too injured to fight recklessly!
You are too injured to fight recklessly!
There are no items here.
The goblin closely misses you. The goblin hits you but does no damage.
The goblin hits you with a +0 dagger. The goblin closely misses you.
The goblin closely misses you. The goblin misses you.
The goblin barely misses you. The goblin closely misses you.
The goblin closely misses you. The goblin hits you with a +0 dagger.
The goblin barely misses you. The goblin hits you but does no damage.
The goblin hits you with a +0 dagger.
* * * LOW HITPOINT WARNING * * *
The goblin closely misses you. The goblin hits you with a +0 dagger.
* * * LOW HITPOINT WARNING * * *
The goblin is no longer moving slowly.
The goblin barely misses you. The goblin barely misses you.
The goblin hits you with a +0 dagger.
* * * LOW HITPOINT WARNING * * *
The goblin hits you but does no damage. The goblin hits you but does no damage.
The goblin hits you with a +0 dagger.
You die...

###.##.####
...#....######.#
###.##....†....# #
####.#######.# ## #.#
#. .#####.# .#######
....##.# !.....
.##.##.# ######.g####
###.##.# #.....@....#
.......####.########.#
###.........#
###########


You could see a goblin.

Vanquished Creatures
  A hobgoblin (D:1)
  A ball python (D:1)
  A bat (D:1)
3 creatures vanquished.

Notes
Turn   | Place    | Note
-------+----------+-------------------------------------------
     0 | D:1      | ragingrage the Demonspawn Wanderer began the quest for the
                  | Orb.
     0 | D:1      | ragingrage set off with the following items: a +0 dagger, a
                  | scroll of summoning, a +0 robe, a +0 cloak; and the
                  | following spells available to memorise: Slow, Freeze,
                  | Ensorcelled Hibernation, Portal Projectile, Hailstorm.
     0 | D:1      | Reached XP level 1. HP: 13/13 MP: 3/3
     2 | D:1      | Learned a level 1 spell: Slow
     4 | D:1      | Learned a level 1 spell: Freeze
   209 | D:1      | Slain by a goblin

Illustrated notes

Levels and vault maps discovered:
D:1:      dpeg_arrival_tiny_g, layout_loops_ring,
          hellmonk_ecumenical_altar_inner_sanctum

Action                   || total
-------------------------++-------
Melee: Dagger            ||    19
 Cast: Slow              ||     3
Armor: Robe              ||     8
Dodge: Dodged            ||    31

Table legend: (Time is in decaauts)
 A = Elapsed time spent in this place.
 B = Non-inter-level travel time spent in this place.
 C = Inter-level travel time spent in this place.
 D = Time resting spent in this place.
 E = Time spent auto-exploring this place.
 F = Levels seen in this place.
 G = Mean time per level.
                   A        B        C        D        E       F      G
               +--------+--------+--------+--------+--------+-----+--------+
         Total |    209 |    209 |      0 |      0 |    134 |   1 |  209.0 |
       Dungeon |    209 |    209 |      0 |      0 |    134 |   1 |  209.0 |
               +--------+--------+--------+--------+--------+-----+--------+

Top non-repeatable levels by time:
     D:1: 209 daAuts
